 Dungeon Crawl Stone Soup version 0.22-a0-779-g6f83d72c62 (webtiles) character file.

20176 Htamos the Covert (level 12, 0/76 (77) HPs)
             Began as an Octopode Ice Elementalist on July 19, 2018.
             Was a High Priest of Nemelex Xobeh.
             Slain by a white ugly thing (35 damage)
             ... on level 11 of the Dungeon.
             The game lasted 01:07:19 (19437 turns).

Htamos the Covert (Octopode Ice Elementalist)      Turns: 19437, Time: 01:07:20

HP:   0/76 (77)     AC:  4    Str:  7    XL:     12   Next: 76%
MP:   3/18          EV: 22    Int: 22    God:    Nemelex Xobeh [*****.]
Gold: 806           SH:  0    Dex: 13    Spells: 8/19 levels left

rFire    . . .     SeeInvis +   L - +1 dagger (flame)
rCold    . . .     Gourm    .   (no shield)
rNeg     . . .     Faith    +   (helmet restricted)
rPois    +         Spirit   .   r - amulet of faith
rElec    .         Reflect  .   a - +3 ring of evasion
rCorr    .         Harm     .   h - ring of stealth
MR       +....                  w - ring of poison resistance
Stlth    +++++++...             k - +3 ring of protection
HPRegen  0.22/turn              F - ring of protection from magic
MPRegen  0.16/turn              P - ring of see invisible
                                (no ring)
                                (no ring)

@: no status effects
A: almost no armour, stealthy swim, amphibious, 8 rings, constrict 8, camouflage
1, gelatinous body 1
a: Triple Draw, Deal Four, Stack Five, Renounce Religion


You were on level 11 of the Dungeon.
You worshipped Nemelex Xobeh.
Nemelex Xobeh was extremely pleased with you.
You were hungry.

You visited 3 branches of the dungeon, and saw 15 of its levels.
You also visited: Volcano.

You collected 1064 gold pieces.
You spent 258 gold pieces at shops.

Inventory:

Hand Weapons
 g - a +0 hunting sling
 j - a +4 dagger of chaos
 m - a +2 dagger of speed
 o - a +0 whip of pain
 q - a +0 hunting sling
 t - a +0 whip of electrocution
 y - a cursed -1 quarterstaff
 D - a +0 halberd of flaming
 J - a +0 dire flail of holy wrath
 L - a +1 dagger of flaming (weapon)
 S - a +1 halberd of flaming
 T - a +0 great mace of flaming
 U - a +1 glaive of flaming
Missiles
 d - 326 stones (quivered)
 f - 25 poisoned needles
 l - 44 sling bullets
 Q - a throwing net
Jewellery
 a - a +3 ring of evasion (left tentacle)
 h - a ring of stealth (right tentacle)
 k - a +3 ring of protection (on tentacle)
 r - an amulet of faith (around mantle)
 v - an uncursed amulet of the gourmand
 w - a ring of poison resistance (on tentacle)
 F - a ring of protection from magic (on tentacle)
 P - a ring of see invisible (on tentacle)
Wands
 s - a wand of flame (19)
 A - a wand of digging (13)
Scrolls
 p - 2 scrolls of magic mapping
 C - 2 scrolls of remove curse
 E - 5 scrolls of identify
 G - 2 scrolls of teleportation
Potions
 c - 2 potions of haste {unknown}
 e - 3 potions of agility {unknown}
 i - 4 potions of brilliance {unknown}
 u - 3 potions of might
 x - 5 potions of curing {unknown}
 z - a potion of invisibility {unknown}
 B - 2 potions of degeneration {unknown}
 I - 2 potions of flight {unknown}
 M - a potion of berserk rage {unknown}
 O - a potion of mutation {unknown}
 V - a potion of resistance {unknown}
Miscellaneous
 H - an ornate deck of destruction {drawn: 7}
Comestibles
 b - 18 rations


   Skills:
 + Level 5.0 Fighting
 + Level 6.3 Short Blades
 + Level 10.7 Dodging
 + Level 11.8 Stealth
 - Level 4.1 Spellcasting
 - Level 1.0 Conjurations
 + Level 5.0 Summonings
 + Level 9.0 Ice Magic
 + Level 8.0 Invocations
 - Level 5.0 Evocations


You had 8 spell levels left.
You knew the following spells:

 Your Spells              Type           Power        Failure   Level  Hunger
a - Freeze                Ice            ####         1%          1    None
b - Throw Frost           Conj/Ice       ####..       2%          2    #......
c - Throw Icicle          Conj/Ice       ####....     14%         4    ####...
d - Summon Ice Beast      Ice/Summ       #####...     6%          4    ####...

Your spell library contained the following spells:

 Spells                   Type           Power        Failure   Level  Hunger
 Ozocubu's Armour         Chrm/Ice       ###.....     5%          3    ##.....


Dungeon Overview and Level Annotations

Branches:
Dungeon (12/15)            Temple (1/1) D:5            Lair (0/6) D:9
    Orc (2/2) D:11
    Elf: Orc:2

Altars:
Ashenzari
Cheibriados
Dithmenos
Elyvilon
Fedhas
Gozag
Hepliaklqana
Kikubaaqudgha
Makhleb
Nemelex Xobeh
Okawaru
Qazlal
Ru
Sif Muna
Trog
Uskayaw
Vehumet
Wu Jian
Xom
Yredelemnul
Zin
The Shining One

Shops:
D:6 *   D:8 =   D:10 =   Orc:2 ?*

Annotations:
D:12 Azrael


Innate Abilities, Weirdness & Mutations

You cannot wear most types of armour.
You are very stealthy in the water. (Stealth+)
You are amphibious.
You can wear up to eight rings at the same time.
You can use your tentacles to constrict eight enemies at once.
Your skin changes colour to match your surroundings (Stealth+).
Your rubbery body absorbs attacks. (AC +1, EV +1)


Message History

Your ice beast freezes the white ugly thing.
The white ugly thing resists.
The white ugly thing barely misses you.
Your ice beast hits the white ugly thing.
Your ice beast freezes the white ugly thing!
The white ugly thing resists.
The white ugly thing completely misses you.
Your ice beast hits the white ugly thing.
Your ice beast freezes the white ugly thing!
The white ugly thing resists.
The white ugly thing closely misses you.
The white ugly thing completely misses you.
Your ice beast hits the white ugly thing.
Your ice beast freezes the white ugly thing.
The white ugly thing resists.
The white ugly thing bites you!
* * * LOW HITPOINT WARNING * * *
The white ugly thing freezes you!!
You die...
Your body glows slightly and disappears.

###...#####..#.###.#
# #...#............#
###...#..........###
.............#.#.#
..<.....)###.#.#.#
..##.....###.#.#Y#
.###...........#Y#
.###).#..###.###u#
.............# #@#
......##.#######.#
########.........# #
###########


You could see a white ugly thing and 2 friendly ice beasts.

Vanquished Creatures
  2 orc high priests (Orc:2)
  A skeletal warrior (Volcano)
  A lindwurm (Orc:2)
  A torturous demonspawn (Orc:2)
  2 orc sorcerers (Orc:2)
  A cyclops (D:11)
  A centaur zombie (D:10)
  Psyche (D:10)
  A hornet (D:9)
  A hippogriff (D:8)
  Sigmund (D:4)
  A wyvern (D:11)
  3 yaks
  Menkaure (D:7)
  A water moccasin (D:12)
  Duvessa (D:4)
  Purgy (D:4)
  2 ice beasts
  6 orc warriors
  2 sky beasts (D:7)
  A black bear (D:8)
  A necrophage (D:11)
  9 ogres
  9 centaurs
  A big kobold (D:8)
  5 bullfrogs
  A wyvern zombie (D:10)
  Dowan (D:4)
  A scorpion (D:7)
  A wight (D:11)
  4 howler monkeys
  2 electric eels (D:11)
  4 crimson imps
  A quasit (D:11)
  5 hounds
  3 jellies
  10 orc priests
  3 centaur skeletons
  13 orc wizards
  2 bullfrog skeletons
  An iguana (D:10)
  4 worker ants
  2 hound skeletons
  A howler monkey zombie (D:11)
  13 adders
  A howler monkey skeleton (D:2)
  3 shadow imps
  An ooze (D:6)
  An adder zombie (D:7)
  A worm (D:2)
  A dart slug (D:3)
  4 leopard geckos
  42 orcs
  2 giant cockroaches
  6 goblins
  5 hobgoblins
  12 jackals
  A quokka (D:2)
  3 bats
  5 frilled lizards
  A jackal zombie (D:3)
  6 kobolds
  A leopard gecko skeleton (D:8)
  2 quokka skeletons
  A quokka zombie (D:6)
  6 rats
234 creatures vanquished.

Vanquished Creatures (collateral kills)
  Snorg (D:11)
  3 orc high priests (Orc:2)
  Nergalle (D:10)
  A sixfirhy (Orc:2)
  A gelid demonspawn (Orc:2)
  A skeletal warrior (Volcano)
  A lindwurm (Orc:1)
  4 orc knights (Orc:2)
  2 orc sorcerers (Orc:2)
  3 gargoyles (Volcano)
  A komodo dragon (D:9)
  A hellwing (Orc:2)
  2 harpy skeletons (Volcano)
  A hippogriff (D:11)
  A ynoxinul (Orc:2)
  An alligator skeleton (Volcano)
  3 flying skulls (Volcano)
  5 yaks
  A chaos spawn (Orc:2)
  A neqoxec (Orc:2)
  Edmund (D:5)
  2 ice beasts
  21 orc warriors
  A centaur (D:10)
  A bullfrog (D:8)
  A scorpion (D:10)
  2 wights (D:11)
  A spriggan skeleton (Volcano)
  13 orc priests
  4 orc wizards
  A naga skeleton (Volcano)
  An adder (D:10)
  A shadow imp (D:8)
  9 orcs
  A jackal (D:8)
  A quokka (D:8)
96 creatures vanquished.

Vanquished Creatures (others)
  An orc high priest (Orc:2)
  A soul eater (Orc:2)
  2 orcs
  A fire vortex (D:6)
  2 plants (D:9)
7 creatures vanquished.

Grand Total: 337 creatures vanquished

Notes
Turn   | Place    | Note
-------+----------+-------------------------------------------
     0 | D:1      | Htamos the Octopode Ice Elementalist began the quest for the Orb.
     0 | D:1      | Reached XP level 1. HP: 11/11 MP: 3/3
   396 | D:1      | Reached XP level 2. HP: 17/17 MP: 0/5
   400 | D:1      | Learned a level 2 spell: Throw Frost
   900 | D:2      | Reached skill level 3 in Stealth
  1295 | D:2      | Reached XP level 3. HP: 20/21 MP: 0/6
  2108 | D:3      | Found a burning altar of Makhleb.
  2333 | D:3      | Reached XP level 4. HP: 23/27 MP: 6/8
  2809 | D:4      | Reached XP level 5. HP: 14/31 MP: 0/9
  3248 | D:4      | Reached skill level 4 in Stealth
  3271 | D:4      | Noticed Sigmund
  3512 | D:4      | Killed Sigmund
  3512 | D:4      | Reached XP level 6. HP: 30/36 MP: 2/11
  3890 | D:4      | Noticed Duvessa
  3890 | D:4      | Noticed Dowan
  3924 | D:4      | Noticed Purgy
  4102 | D:5      | Entered Level 5 of the Dungeon
  4127 | D:5      | Found a hazy altar of Hepliaklqana.
  4144 | D:5      | Learned a level 4 spell: Throw Icicle
  4448 | D:5      | Found an ornate altar of the Wu Jian Council.
  4464 | D:5      | Found a staircase to the Ecumenical Temple.
  4470 | Temple   | Entered the Ecumenical Temple
  4722 | Temple   | Became a worshipper of Nemelex Xobeh the Trickster
  4764 | D:5      | Noticed Edmund
  4789 | D:5      | Reached XP level 7. HP: 36/41 MP: 13/13
  4830 | D:5      | Found a bloodstained altar of Trog.
  5009 | D:5      | Reached skill level 5 in Stealth
  5071 | D:5      | Received a gift from Nemelex Xobeh
  5463 | D:5      | Reached * piety under Nemelex Xobeh
  5577 | D:6      | Reached skill level 5 in Dodging
  5910 | D:6      | Found Faac Poc's General Store.
  5913 | D:6      | Bought a scroll of remove curse for 33 gold pieces
  6016 | D:6      | Received a gift from Nemelex Xobeh
  6392 | D:6      | Reached skill level 1 in Evocations
  6489 | D:6      | Reached skill level 1 in Invocations
  6489 | D:6      | Reached XP level 8. HP: 46/46 MP: 2/14
  6602 | D:6      | Reached skill level 6 in Stealth
  6620 | D:6      | Found a shattered altar of Ashenzari.
  6624 | D:6      | Saw a vision of the Shoals and the Snake Pit.
  6624 | D:6      | Noticed a naga warrior
  6624 | D:6      | Noticed a hippogriff
  6624 | D:6      | Noticed a sea snake
  6624 | D:6      | Noticed a hippogriff
  6624 | D:6      | Noticed a hippogriff
  7158 | D:4      | Killed Purgy
  7158 | D:4      | Reached skill level 5 in Ice Magic
  7227 | D:4      | Killed Dowan
  7238 | D:4      | Killed Duvessa
  7414 | D:5      | Killed Edmund
  7687 | D:7      | Noticed Menkaure
  7692 | D:7      | Killed Menkaure
  7720 | D:7      | Reached skill level 7 in Stealth
  7929 | D:7      | Reached XP level 9. HP: 27/51 MP: 7/15
  8337 | D:7      | Found a blossoming altar of Fedhas.
  8408 | D:7      | Received a gift from Nemelex Xobeh
  9038 | D:8      | Reached ** piety under Nemelex Xobeh
  9362 | D:8      | Reached skill level 8 in Stealth
  9527 | D:8      | Found Vikkisom's Jewellery Emporium.
  9533 | D:8      | Bought an uncursed ring of see invisible for 225 gold pieces
  9839 | D:9      | Reached skill level 1 in Short Blades
  9896 | D:9      | Noticed a hornet
  9904 | D:9      | Killed a hornet
 10143 | D:9      | Reached XP level 10. HP: 31/56 MP: 10/16
 10362 | D:9      | Found a shimmering altar of Xom.
 10552 | D:9      | Found a staircase to the Lair.
 10966 | D:10     | Entered Level 10 of the Dungeon
 10975 | D:10     | Received a gift from Nemelex Xobeh
 10975 | D:10     | Noticed Nergalle
 11028 | D:10     | Killed Nergalle
 11045 | D:10     | Reached skill level 5 in Invocations
 11248 | D:10     | Reached skill level 5 in Evocations
 11590 | D:10     | Reached *** piety under Nemelex Xobeh
 11654 | D:10     | Reached skill level 9 in Stealth
 11839 | D:10     | Received a gift from Nemelex Xobeh
 11986 | D:10     | Found Ufoy's Jewellery Emporium.
 12143 | D:10     | Noticed Psyche
 12152 | D:10     | Killed Psyche
 12485 | D:10     | Reached **** piety under Nemelex Xobeh
 12656 | D:10     | Learned a level 4 spell: Summon Ice Beast
 13009 | D:11     | Reached skill level 1 in Fighting
 13009 | D:11     | Reached skill level 1 in Summonings
 13037 | D:11     | Reached XP level 11. HP: 63/63 MP: 17/17
 13790 | D:11     | Reached skill level 10 in Stealth
 14063 | D:11     | Received a gift from Nemelex Xobeh
 14130 | D:11     | Found a staircase to the Orcish Mines.
 14252 | Orc:1    | Entered Level 1 of the Orcish Mines
 14337 | Orc:1    | Noticed a lindwurm
 14339 | Orc:1    | Found a dark tunnel.
 14369 | Orc:1    | Killed a lindwurm
 14374 | Volcano  | Entered a volcano
 14491 | Volcano  | Noticed a skeletal warrior
 14498 | Volcano  | Killed a skeletal warrior
 14624 | Volcano  | Noticed a skeletal warrior
 14631 | Volcano  | Killed a skeletal warrior
 14631 | Volcano  | Reached skill level 10 in Dodging
 15198 | Orc:1    | Received a gift from Nemelex Xobeh
 15624 | Orc:1    | Received a gift from Nemelex Xobeh
 15938 | Orc:2    | Entered Level 2 of the Orcish Mines
 16068 | Orc:2    | Reached ***** piety under Nemelex Xobeh
 16120 | Orc:2    | Noticed an orc knight
 16221 | Orc:2    | Killed an orc knight
 16274 | Orc:2    | Noticed an orc knight
 16276 | Orc:2    | Noticed a sixfirhy
 16281 | Orc:2    | Killed an orc knight
 16285 | Orc:2    | Reached skill level 5 in Short Blades
 16288 | Orc:2    | Killed a sixfirhy
 16540 | Orc:2    | Found Fuva's Magic Scroll Shoppe.
 16691 | Orc:2    | Found Ipuups's General Store.
 16717 | Orc:2    | HP: 3/66 [orc warrior/trident (1)]
 17075 | Orc:2    | Noticed an orc high priest
 17075 | Orc:2    | Noticed an orc sorcerer
 17077 | Orc:2    | Noticed an orc high priest
 17078 | Orc:2    | Noticed an orc knight
 17079 | Orc:2    | Noticed an orc high priest
 17083 | Orc:2    | Killed an orc sorcerer
 17085 | Orc:2    | Killed an orc high priest
 17085 | Orc:2    | Reached XP level 12. HP: 73/73 MP: 18/18
 17088 | Orc:2    | Killed an orc high priest
 17088 | Orc:2    | Reached skill level 11 in Stealth
 17088 | Orc:2    | Killed an orc high priest
 17104 | Orc:2    | Noticed a soul eater
 17113 | Orc:2    | Killed a soul eater
 17216 | Orc:2    | Noticed an orc high priest
 17216 | Orc:2    | Noticed an orc high priest
 17242 | Orc:2    | Killed an orc high priest
 17244 | Orc:2    | Killed an orc high priest
 17473 | Orc:2    | Paralysed by an orc sorcerer for 6 turns
 17479 | Orc:2    | Noticed a soul eater
 17836 | Orc:2    | Noticed an orc high priest
 17868 | Orc:2    | Noticed an orc high priest
 17887 | Orc:2    | Noticed a soul eater
 17890 | Orc:2    | Killed an orc high priest
 18467 | D:11     | Received a gift from Nemelex Xobeh
 18586 | D:12     | Noticed Azrael
 19138 | D:11     | Noticed Snorg
 19149 | D:11     | Killed Snorg
 19149 | D:11     | Reached skill level 5 in Fighting
 19353 | D:11     | Reached skill level 5 in Summonings
 19437 | D:11     | Slain by a white ugly thing

Vault maps used:
D:1:      zelgadis_glass_arrival_small
D:2:      first_ration, minmay_misc_feat_tower
D:3:      bloody_makhleb
D:4:      uniq_purgy, uniq_sigmund, uniq_duvessa
D:5:      nicolae_overflow_crystal_walls, bloody_trog, lemuel_doored_altar,
          temple_green, uniq_edmund
D:6:      serial_shops, nicolae_shop_behind_doors, grunt_ashenzari_visionary
D:7:      kennysheep_little_box, uniq_menkaure
D:8:      serial_shops, shop_statue, grunt_ogre_cave
D:9:      overflow_temple_1_default, david_lair_shrubbed, minivault_11
D:10:     serial_shops, nicolae_shop_trees, uniq_nergalle, uniq_psyche
D:11:     erik_orc_2, uniq_snorg
D:12:     elves_outpost_lemuel, uniq_azrael, uniq_frances
Temple:   regret_index_temple_generic_petals
Orc:1:    nicolae_volcano_entry_vermiform
Orc:2:    pf_orc_diabolical, guppyfry_library_mini
Volcano:  volcano_tomb

Skill      XL: |  1  2  3  4  5  6  7  8  9 10 11 12 |
---------------+-------------------------------------+-----
Stealth        | 3 4 5 7 8 9 10 11 | 11.8
Dodging        | 3 4 5 6 8 9 10 | 10.7
Spellcasting   | 3 4 |  4.1
Ice Magic      | 4 5 6 7 8 9 |  9.0
Evocations     | 1 3 4 5 |  5.0
Invocations    | 1 3 4 6 7 8 |  8.0
Short Blades   | 1 3 5 6 |  6.3
Fighting       | 1 3 5 |  5.0
Summonings     | 1 3 5 |  5.0
Conjurations   | |  1.0

Action                   |  1- 3 |  4- 6 |  7- 9 | 10-12 || total
-------------------------+-------+-------+-------+-------++-------
Melee: Dagger            |    23 |       |    90 |   208 ||   321
       Constrict         |    15 |     4 |    28 |    32 ||    79
       Tentacles         |     9 |     3 |    26 |    48 ||    86
       Whip              |    21 |    12 |    38 |    49 ||   120
 Cast: Freeze            |    24 |     2 |    83 |    26 ||   135
       Throw Frost       |    27 |    48 |    96 |   199 ||   370
       Summon Ice Beast  |       |       |       |     4 ||     4
Evoke: Deck              |       |       |    13 |    64 ||    77
       Wand              |       |       |    20 |    24 ||    44
  Use: Scroll            |     1 |     9 |     4 |     4 ||    18
       Potion            |       |       |     1 |     2 ||     3
 Stab: Sleeping          |     2 |     1 |     2 |    10 ||    15
       Distracted        |       |       |     1 |     3 ||     4
       Petrified         |       |       |     1 |     1 ||     2
       Paralysed         |       |       |       |     1 ||     1
  Eat: Chunk             |     6 |     6 |    16 |    14 ||    42
       Ration            |       |     1 |     1 |     5 ||     7
Armor: Skin              |     5 |       |    19 |    19 ||    43
Dodge: Dodged            |    37 |    15 |   183 |   309 ||   544

Table legend:
 A = Spawn XP
 B = Non-spawn XP
 C = Spawn XP percentage of total XP
 D = Spawn monster count
 E = Non-spawn monster count
 F = Spawn count percentage of total count
 G = Total turns spent on level
                    A         B        C        D         E        F      G
               +---------+---------+-------+---------+---------+-------+---------
         Total |       0 |   28824 |   0.0 |       0 |     332 |   0.0 | 19437
               +---------+---------+-------+---------+---------+-------+---------
           D:1 |       0 |      12 |   0.0 |       0 |       8 |   0.0 |   841
           D:2 |       0 |      54 |   0.0 |       0 |      23 |   0.0 |  1163
           D:3 |       0 |      34 |   0.0 |       0 |      11 |   0.0 |   979
           D:4 |       0 |     826 |   0.0 |       0 |      15 |   0.0 |  1429
           D:5 |       0 |     309 |   0.0 |       0 |      11 |   0.0 |  1400
           D:6 |       0 |     580 |   0.0 |       0 |      24 |   0.0 |  1381
           D:7 |       0 |     958 |   0.0 |       0 |      18 |   0.0 |  1430
           D:8 |       0 |    1214 |   0.0 |       0 |      21 |   0.0 |   875
           D:9 |       0 |    1321 |   0.0 |       0 |      18 |   0.0 |  1191
          D:10 |       0 |    3388 |   0.0 |       0 |      29 |   0.0 |  2029
          D:11 |       0 |    4780 |   0.0 |       0 |      47 |   0.0 |  2311
          D:12 |       0 |     147 |   0.0 |       0 |       1 |   0.0 |    60
         Orc:1 |       0 |     886 |   0.0 |       0 |      20 |   0.0 |  1812
         Orc:2 |       0 |   11702 |   0.0 |       0 |      73 |   0.0 |  1606
       Volcano |       0 |    2613 |   0.0 |       0 |      13 |   0.0 |   653
               +---------+---------+-------+---------+---------+-------+---------
